 Dungeon Crawl Stone Soup version 0.21-a0-164-g4aaa757 (webtiles) character file.

442 Manul the Skirmisher (level 6, 0/48 HPs)
             Began as a Mummy Fighter on Aug 5, 2017.
             Killed from afar by Blork the orc (4 damage)
             ... with a puff of flame
             ... on level 4 of the Dungeon.
             The game lasted 00:04:24 (3288 turns).

Manul the Skirmisher (Mummy Fighter)                Turns: 3288, Time: 00:04:25

Health: 0/48       AC:  6    Str: 21    XL:     6   Next: 71%
Magic:  6/6        EV:  8    Int:  8    God:
Gold:   188        SH:  9    Dex: 11    Spells: 5/5 levels left

rFire    x . .     SeeInvis .   a - +0 war axe
rCold    + . .     Gourm    .   c - +0 shield
rNeg     + + +     Faith    .   b - +0 scale mail
rPois    ∞         Spirit   .   (no helmet)
rElec    .         Reflect  .   (no cloak)
rCorr    .         Harm     .   (no gloves)
MR       .....                  (no boots)
Stlth    ..........             j - amulet of regeneration
HPRegen  0.56/turn              (no ring)
MPRegen  0.10/turn              (no ring)

@: about to teleport
A: no food or potions, fire vulnerability, cold resistance 1, negative energy
resistance 3, torment resistance, unbreathing
a: no special abilities


You were on level 4 of the Dungeon.
You were not hungry.

You visited 1 branch of the dungeon, and saw 4 of its levels.

You collected 188 gold pieces.

Inventory:

Hand Weapons
 a - a +0 war axe (weapon)
 f - a +1 dagger of venom
Armour
 b - a +0 scale mail (worn)
 c - a +0 shield (worn)
Jewellery
 j - an amulet of regeneration (around neck)
Wands
 k - a wand of acid (0/15)
 m - a wand of random effects (19/48)
 p - a wand of confusion (35/48)
Scrolls
 d - 3 scrolls of identify
 e - 3 scrolls of teleportation
 g - a scroll of recharging {unknown}
 i - 2 scrolls of remove curse {unknown}
 l - a scroll of random uselessness {unknown}
 n - a scroll of immolation {unknown}
 o - a scroll of magic mapping {unknown}
Books
 h - a book of Misfortune

   Spells                             Type                      Level
   a - Confusing Touch                Hexes                        1
   b - Confuse                        Hexes                        3
   c - Gell's Gravitas                Translocation                3
   d - Petrify                        Transmutation/Earth          4
   e - Metabolic Englaciation         Hexes/Ice                    5
   f - Yara's Violent Unravelling     Hexes/Transmutation          5


   Skills:
 + Level 4.1 Fighting
 + Level 3.5 Axes
 + Level 3.5 Armour
 + Level 1.2 Dodging
 + Level 3.6 Shields


You had 5 spell levels left.
You didn't know any spells.

Dungeon Overview and Level Annotations

Branches:
Dungeon (4/15)
 Temple: D:4-7

Altars:
Ashenzari
Gozag
Makhleb
Nemelex Xobeh

Annotations:
D:4 Blork the orc


Innate Abilities, Weirdness & Mutations

You do not eat or drink.
Your flesh is vulnerable to fire.
You are immune to poison.
Your flesh is cold resistant. (rC+)
You are immune to negative energy. (rN+++)
You are immune to unholy pain and torment.
You can survive without breathing.


Message History

Something hits you but does no damage. Something hits you!
You hit something. Something hits you!
* * * LOW HITPOINT WARNING * * *
Evoke which item? (* to show all) (? for menu, Esc to quit)
Aiming: Random Effects
Press: ? - help, Shift-Dir - straight line The puff of flame hits something.
This wand has 19 charges left.
Something hits you.
* * * LOW HITPOINT WARNING * * *
You hear some strange, mumbled words.
A puff of frost appears from out of thin air!
The puff of frost hits you! You resist.
* * * LOW HITPOINT WARNING * * *
As you read the scroll of teleportation, it crumbles to dust.
You feel strangely unstable.
You hear some strange, mumbled words.
A puff of flame appears from out of thin air!
The puff of flame hits you! The fire burns you terribly!
You die...

.O..oo....#........#######..#...#
#......%.#........# #..#...#
#........#################.#...#
#.(........... ..........#...#
###.###################!#####
#####............................
o.O.'......o..##############.###.
#####....####.######.# #.###.
#....#......@....#######..##.
#....#.##.####.........##.##.
#....#.##.# #.........##..#.
#....#.##.# #...............
##+#.#....# ###.#####.###...
.###### ####.# #.# ##..
..##.#####.# #.. ###
###.##.......# #..
..###.#.########## ##.


There were no monsters in sight!

Vanquished Creatures
  Sigmund (D:2)
  An orc wizard (D:4)
  2 centaur skeletons (D:4)
  A worker ant (D:4)
  A worker ant zombie (D:3)
  6 adders
  An ooze (D:2)
  4 worms
  6 dart slugs (D:1)
  3 leopard geckos
  13 orcs
  5 giant cockroaches
  6 goblins
  8 hobgoblins
  5 jackals
  A ball python (D:3)
  4 bats
  4 frilled lizards
  6 kobolds
  8 rats
86 creatures vanquished.

Vanquished Creatures (others)
  An orc (D:3)
1 creature vanquished.

Grand Total: 87 creatures vanquished

Notes
Turn   | Place    | Note
-------+----------+-------------------------------------------
     0 | D:1      | Manul the Mummy Fighter began the quest for the Orb.
     0 | D:1      | Reached XP level 1. HP: 18/18 MP: 1/1
   402 | D:1      | Reached XP level 2. HP: 24/24 MP: 2/2
   968 | D:1      | Reached XP level 3. HP: 29/29 MP: 3/3
  1476 | D:2      | Noticed Sigmund
  1514 | D:2      | Reached XP level 4. HP: 31/36 MP: 4/4
  1759 | D:2      | Found a burning altar of Makhleb.
  1827 | D:2      | Killed Sigmund
  1827 | D:2      | Reached skill level 4 in Fighting
  1827 | D:2      | Reached XP level 5. HP: 14/42 MP: 5/5
  2143 | D:2      | Reached skill level 1 in Dodging
  2277 | D:3      | Found an opulent altar of Gozag.
  2277 | D:3      | Found a sparkling altar of Nemelex Xobeh.
  2319 | D:3      | Found a shattered altar of Ashenzari.
  2328 | D:3      | Reached XP level 6. HP: 42/48 MP: 6/6
  2768 | D:4      | Noticed Blork the orc
  3288 | D:4      | Killed from afar by Blork the orc

Vault maps used:
D:1:      moated_graveyard_arrival
D:2:      serial_glass, glass_columns_a, glass_columns_c,
          makhleb_heckhound_becter, uniq_crazy_yiuf_cottage, uniq_sigmund
D:3:      nicolae_overflow_hidden_temple, minmay_guardbox
D:4:      first_bread, uniq_blork_the_orc

Skill      XL: |  1  2  3  4  5 |
---------------+----------------+-----
Shields        | 3 |  3.6
Axes           | 2 3 |  3.5
Fighting       | 4 |  4.1
Armour         | 3 |  3.5
Dodging        | 1 |  1.2

Action                   |  1- 3 |  4- 6 || total
-------------------------+-------+-------++-------
Melee: War axe           |   126 |   185 ||   311
       Dagger            |       |     8 ||     8
Evoke: Wand              |       |     5 ||     5
  Use: Scroll            |       |     4 ||     4
Armor: Scale mail        |    62 |    71 ||   133
Dodge: Dodged            |    41 |    71 ||   112
Block: Shield            |    62 |   122 ||   184
